 Dungeon Crawl Stone Soup version 0.31.0-32-g396128a36d (webtiles) character file.

Game seed: 241958818555269927

9595 Curundu the Cleaver (level 11, 0/99 HPs)
             Began as a Minotaur Berserker on Mar 20, 2024.
             Was an Elder of Trog.
             Slain by an unseen horror (6 damage)
             ... on level 11 of the Dungeon.
             The game lasted 00:24:15 (9258 turns).

Curundu the Cleaver (Minotaur Berserker)            Turns: 9258, Time: 00:24:15

Health: 0/99       AC: 15    Str: 25    XL:     11   Next: 25%
Magic:  10/10      EV:  8    Int:  4    God:    Trog [****..]
Gold:   521        SH:  5    Dex: 11    Spells: 10/10 levels left

rFire   . . .        b - +1 war axe
rCold   . . .        (no shield)
rNeg    . . .        g - +1 plate armour
rPois   .            (helmet restricted)
rElec   .            (no cloak)
rCorr   .            (no gloves)
SInv    .            (no boots)
Will    .....        p - amulet of reflection Stlth
                     (no ring)
HPRegen 0.36/turn    (no ring)
MPRegen 0.12/turn

%: reflection
@: brilliant, on berserk cooldown, attractive, hasted and slowed
A: horns 2, retaliatory headbutt
a: Renounce Religion, Berserk, Trog's Hand, Brothers in Arms


You were on level 11 of the Dungeon.
You worshipped Trog.
Trog was greatly pleased with you.
You visited 2 branches of the dungeon, and saw 12 of its levels.

You collected 521 gold pieces.

Inventory:

Hand Weapons
 b - a +1 war axe (weapon)
Missiles
 c - a throwing net (quivered)
 j - 14 boomerangs
Armour
 g - a +1 plate armour (worn)
Jewellery
 p - an amulet of reflection (around neck)
 r - a ring of fire
 s - a +6 ring of intelligence
 z - a ring of resist corrosion
Wands
 i - a wand of roots (25)
 q - a wand of flame (26)
 E - a wand of paralysis (3)
Scrolls
 e - 6 scrolls of identify
 f - a scroll of revelation
 h - 4 scrolls of enchant weapon
 n - a scroll of amnesia
 x - a scroll of teleportation
 y - 2 scrolls of poison
Potions
 a - a potion of heal wounds
 d - a potion of lignification
 k - 2 potions of enlightenment
 l - a potion of ambrosia
 m - a potion of invisibility {unknown}
 o - 4 potions of curing
 t - 2 potions of brilliance
 v - a potion of magic {unknown}
 w - 2 potions of haste
 A - a potion of attraction
 C - 2 potions of degeneration {unknown}
 F - 2 potions of mutation {unknown}
 G - a potion of cancellation {unknown}


   Skills:
 + Level 9.7 Fighting
 + Level 14.9 Axes
 + Level 10.5 Armour
 + Level 4.1 Dodging
 + Level 0.3 Stealth
 + Level 5.1 Shields
 + Level 1.3 Unarmed Combat


You had 10 spell levels left.
You didn't know any spells.
Your spell library was empty.

Dungeon Overview and Level Annotations

Branches:
Dungeon (11/15)            Temple (1/1) D:7            Lair (0/5) D:8
    Orc: D:9-12

Altars:
Ashenzari
Cheibriados
Dithmenos
Elyvilon
Fedhas
Gozag
Hepliaklqana
Kikubaaqudgha
Makhleb
Nemelex Xobeh
Okawaru
Qazlal
Ru
Sif Muna
Trog
Uskayaw
Vehumet
Wu Jian
Xom
Yredelemnul
Zin
The Shining One

Shops:
D:3 :   D:8 *   D:10 (   D:11 ?


Innate Abilities, Weirdness & Mutations

You have a pair of horns on your head.
You reflexively headbutt those who attack you in melee.


Message History

You slash the yak! You headbutt the yak.
You kill the yak!
Trog accepts your kill.
You closely miss something.
You slash the yak! x2; Something hits you.
* * * LOW HITPOINT WARNING * * *
The yak gores you but does no damage. The yak attacks as it pursues you!
You block the yak's attack. Something hits you but does no damage.
You slash the yak!
You kill the yak!
Trog accepts your kill.
You slash the yak!
You kill the yak!
Trog accepts your kill.
You hit something. Something hits you.
* * * LOW HITPOINT WARNING * * *
Something hits you.
* * * LOW HITPOINT WARNING * * *
You feel a strong urge to attack something.
You are no longer berserk.
You are exhausted.
You feel as though you will be slow longer.
Something hits you but does no damage. Something hits you.
* * * LOW HITPOINT WARNING * * *
Something hits you but does no damage.
You start resting.
Something hits you.
* * * LOW HITPOINT WARNING * * *
It was a potion of curing.
You feel better. Something hits you.
* * * LOW HITPOINT WARNING * * *
It was a potion of brilliance.
You feel clever all of a sudden.
Something hits you but does no damage. x3
It was a potion of haste.
You feel yourself speed up. Something hits you but does no damage.
Something hits you but does no damage.
You start resting.
Something hits you!
* * * LOW HITPOINT WARNING * * *
It was a potion of attraction.
You feel attractive to monsters. Something hits you.
You die...

... .... ... .... .##
#...........# ...# ...
#...........##...#
....###.......##..?.....
.#............ ..........
.#............ #......###
............####@..∩....#
............#.##.†.......
.................##.....#
............##...# ....#
............##..## #..#
###...#....##..... ..
#...#######...### .
###....## #...# #.......#
#.°.#


There were no monsters in sight!

Vanquished Creatures
  Pikel (D:6)
  Joseph (D:7)
  An unseen horror (D:11)
  A rime drake (D:8)
  4 kobold demonologists
  Psyche (D:8)
  Grinder (D:6)
  Prince Ribbit (D:7)
  2 wraiths
  12 yaks (D:11)
  A wyvern (D:9)
  A steam dragon (D:9)
  Eustachio (D:6)
  3 vampire mosquitoes (D:10)
  An acid dragon (D:9)
  5 water moccasins
  2 orc warriors (D:9)
  5 ice beasts
  A sky beast (D:6)
  A black bear (D:4)
  3 wolves (D:8)
  2 centaurs
  2 phantoms
  A lemure (D:6)
  4 kobold brigands
  4 bullfrogs
  A scorpion (D:6)
  2 howler monkeys (D:10)
  5 hounds
  2 bombardier beetles
  7 orc priests
  4 gnoll boudas
  7 iguanas
  10 orc wizards
  A sleepcap (D:8)
  An ogre zombie (D:11)
  16 gnolls
  3 adders
  A white imp (D:7)
  4 ufetubi
  2 dart slugs
  2 ribbon worms (D:2)
  41 orcs
  7 endoplasms
  2 giant cockroaches
  A gnoll zombie (D:11)
  4 goblins
  7 hobgoblins
  9 jackals (D:1)
  6 quokkas
  8 ball pythons
  6 bats
  2 frilled lizards
  13 kobolds
236 creatures vanquished.

Vanquished Creatures (others)
  A kobold (D:8)
1 creature vanquished.

Grand Total: 237 creatures vanquished

Notes
Turn   | Place    | Note
-------+----------+-------------------------------------------
     0 | D:1      | Curundu the Minotaur Berserker began the quest for the Orb.
     0 | D:1      | Reached XP level 1. HP: 19/19 MP: 0/0
   152 | D:1      | Reached skill level 4 in Axes
   152 | D:1      | Reached XP level 2. HP: 27/27 MP: 1/1
   323 | D:1      | Reached ** piety under Trog
   514 | D:1      | Reached XP level 3. HP: 32/33 MP: 2/2
   822 | D:2      | Reached XP level 4. HP: 41/41 MP: 3/3
  1015 | D:2      | Reached skill level 5 in Axes
  1319 | D:3      | Found Vefi's Book Emporium.
  1389 | D:3      | Found an iron altar of Okawaru.
  1454 | D:3      | Reached skill level 5 in Fighting
  1454 | D:3      | Reached XP level 5. HP: 45/48 MP: 4/4
  1881 | D:4      | Noticed a black bear
  1886 | D:4      | Killed a black bear
  1887 | D:4      | Reached skill level 6 in Axes
  1887 | D:4      | Reached XP level 6. HP: 56/56 MP: 5/5
  2814 | D:5      | Entered Level 5 of the Dungeon
  2848 | D:5      | Reached skill level 7 in Axes
  2973 | D:5      | Reached XP level 7. HP: 57/61 MP: 6/6
  3175 | D:5      | Reached skill level 5 in Armour
  3179 | D:5      | Reached skill level 8 in Axes
  3569 | D:6      | Noticed Pikel
  3579 | D:6      | Killed Pikel
  3580 | D:6      | Reached skill level 9 in Axes
  3580 | D:6      | Reached skill level 1 in Shields
  3580 | D:6      | Reached XP level 8. HP: 33/71 MP: 7/7
  3812 | D:6      | Reached *** piety under Trog
  3831 | D:6      | Noticed Eustachio
  3850 | D:6      | Killed Eustachio
  3884 | D:6      | Reached skill level 10 in Axes
  4334 | D:6      | Noticed Grinder
  4348 | D:6      | Killed Grinder
  4349 | D:6      | Reached XP level 9. HP: 78/78 MP: 8/8
  4384 | D:6      | Reached skill level 11 in Axes
  4688 | D:7      | Noticed Joseph
  4704 | D:7      | Killed Joseph
  4873 | D:7      | Reached skill level 12 in Axes
  4945 | D:7      | Noticed Prince Ribbit
  4961 | D:7      | Killed Prince Ribbit
  5299 | D:7      | Found a staircase to the Ecumenical Temple.
  5507 | Temple   | Entered the Ecumenical Temple
  5730 | D:8      | Found Ocserr's Lightly-Used Armoury.
  5992 | D:8      | Noticed a rime drake
  6004 | D:8      | Killed a rime drake
  6005 | D:8      | Reached XP level 10. HP: 85/88 MP: 9/9
  6379 | D:8      | Found a staircase to the Lair.
  6383 | D:8      | Reached **** piety under Trog
  6384 | D:8      | Reached skill level 13 in Axes
  6550 | D:8      | Noticed Psyche
  6570 | D:8      | Killed Psyche
  7048 | D:9      | Reached skill level 1 in Unarmed Combat
  7055 | D:9      | Noticed an orange demon
  7418 | D:9      | Found a glowing silver altar of Zin.
  7418 | D:9      | Found a burning altar of Makhleb.
  7419 | D:9      | Noticed an Executioner
  7419 | D:9      | Noticed an angel
  7767 | D:10     | Entered Level 10 of the Dungeon
  8015 | D:10     | Noticed a smoke demon
  8023 | D:10     | Reached skill level 14 in Axes
  8023 | D:10     | Noticed a sun demon
  8029 | D:10     | Reached skill level 5 in Shields
  8239 | D:10     | Reached skill level 10 in Armour
  8412 | D:10     | Found Adadeohat's Antique Weapon Emporium.
  8789 | D:11     | Reached XP level 11. HP: 84/97 MP: 10/10
  9220 | D:11     | Found Viqisoq's Magic Scroll Shop.
  9258 | D:11     | Slain by an unseen horror

Illustrated notes

Levels and vault maps discovered:
D:1:      co_arrival_square_in_a_square_in_a_square, layout_basic
D:2:      layout_rooms
D:3:      layout_loops_ring, okawaru_gym_becter, serial_shops, shop
D:4:      layout_gridville
D:5:      layout_loops_ring
D:6:      layout_basic, uniq_grinder, uniq_pikel, uniq_eustachio
D:7:      layout_basic, temple_doors_e, uniq_joseph, uniq_prince_ribbit1
D:8:      layout_basic, hellmonk_lair_entry_icy, minmay_shop_damaged,
          nicolae_grassy_gnolls, uniq_psyche
D:9:      layout_rooms, grunt_temple_overflow_order_and_chaos_2
D:10:     layout_irregular_city, serial_shops, shop
D:11:     lemuel_flame_loot_2, layout_cave_pools, zombieorc1_lemuel,
          serial_shops, shop, hellmonk_sif_muna_bookshelves
Temple:   hellmonk_temple_of_storms

Skill      XL: |  1  2  3  4  5  6  7  8  9 10 |
---------------+-------------------------------+-----
Axes           | 4 5 6 7 9 10 12 14 | 14.9
Fighting       | 4 5 6 8 9 |  9.7
Armour         | 3 4 6 8 10 | 10.5
Dodging        | 3 4 |  4.1
Shields        | 1 2 4 5 |  5.1
Unarmed Combat | 1 |  1.3
Stealth        | |  0.3

Action                     |  1- 3 |  4- 6 |  7- 9 | 10-12 || total
---------------------------+-------+-------+-------+-------++-------
  Melee: Hand axe          |    61 |     2 |       |       ||    63
         Headbutt          |     7 |    20 |    49 |    42 ||   118
         Punch             |     1 |       |     1 |     2 ||     4
         War axe           |       |   122 |   227 |   207 ||   556
         Unarmed           |       |       |       |    11 ||    11
 Invoke: Trog's Hand       |     1 |     3 |     4 |     5 ||    13
         Berserk           |       |     1 |     2 |     3 ||     6
    Use: Scroll            |       |     7 |       |     6 ||    13
         Potion            |       |       |       |     4 ||     4
 Armour: Animal skin       |    29 |       |       |       ||    29
         Plate armour      |    35 |   156 |   213 |   258 ||   662
         Skin              |       |       |       |     6 ||     6
  Dodge: Dodged            |    51 |    40 |    97 |    85 ||   273
  Block: Other             |       |     4 |    46 |    45 ||    95
         Reflection        |       |       |       |     1 ||     1
